 Dungeon Crawl Stone Soup version 0.31.0-1-g2c135a008e (webtiles) character file.

Game seed: 16579235256354124444

5523 qw the Skirmisher (level 11, -3/86 HPs)
             Began as a Djinni Hunter on Jan 24, 2024.
             Was a Priest of Okawaru.
             Slain by an orc warrior
             ... wielding a +0 battleaxe
              (4 damage)
             ... on level 9 of the Dungeon.
             The game lasted 00:00:38 (8002 turns).

qw the Skirmisher (Djinni Hunter)                   Turns: 8002, Time: 00:00:38

Health: -3/86      AC: 18    Str: 10    XL:     11   Next: 1%
Gold:   581        EV: 14    Int: 11    God:    Okawaru [***...] SH:  0 Dex: 21

rFire   + + .        s - +0 orcbow
rCold   x . .        (shield currently unavailable)
rNeg    . . .        a - +1 swamp dragon scales
rPois   inf          (helmet restricted)
rElec   .            (no cloak)
rCorr   .            g - +2 pair of gloves
SInv    .            (boots unavailable)
Will    +....        (no amulet)
Stlth   +            e - +4 ring of protection
HPRegen 0.34/turn    (no ring)
MPRegen 0.00/turn

%: infuse magic (-4 HP)
@: about to teleport, flying
A: sickness immunity, fire resistance 2, cold vulnerability 1, float, innate
caster, HP casting, extra vitality 1, horns 1, iridescent scales 1, robust 1
a: Renounce Religion, Heroism


You were on level 9 of the Dungeon.
You worshipped Okawaru.
Okawaru was most pleased with you.
You visited 2 branches of the dungeon, and saw 10 of its levels.
You also visited: Ossuary.

You collected 669 gold pieces.
You spent 88 gold pieces at shops.


Innate Abilities, Weirdness & Mutations

You are immune to sickness and miasma.
You are immune to poison.
Your flesh is very heat resistant. (rF++)
You are vulnerable to cold. (rC-)
You float through the air rather than walking.
You learn spells naturally, not from books.
Your magical power is your life essence.
You have superior vitality. (+4 MHP)
You have a pair of small horns on your head.
You are partially covered in iridescent scales. (AC +2)
You are robust. (+10% HP)


   Skills:
 + Level 7.0 Fighting
 - Level 10.0 Ranged Weapons
 - Level 4.1 Armour
 - Level 7.0 Dodging
 - Level 0.7 Stealth
 - Level 4.0 Invocations


You knew the following spells:

 Your Spells              Type           Power      Damage    Failure   Level
a - Shock                 Conj/Air       0%         1d3       65%         1
b - Call Imp              Summ           0%         N/A       78%         2
c - Dazzling Flash        Conj/Hex       0%         N/A       95%         3
d - Dimensional Bullseye  Hex/Tloc       0%         N/A       100%        4
e - Irradiate             Conj/Alch      0%         3d11      100%        5
Your spell library was empty.

Inventory:

Hand Weapons
 s - a +0 orcbow (weapon)
Armour
 a - +1 swamp dragon scales (worn)
 g - a +2 pair of gloves (worn)
Jewellery
 e - a +4 ring of protection (left hand)
 q - a ring of fire
Wands
 f - a wand of paralysis (2)
 k - a wand of light (6)
Scrolls
 j - a scroll of teleportation
Potions
 b - 2 potions of haste
 h - 7 potions of curing
 i - a potion of cancellation
 l - a potion of might
 m - a potion of enlightenment
 o - a potion of lignification {unknown}
 r - a potion of resistance

Dungeon Overview and Level Annotations

Branches:
Dungeon (9/15)             Temple (1/1) D:5         Ossuary (visited)
   Lair: D:8-11         Orc: D:9-12

Altars:
Ashenzari
Cheibriados
Dithmenos
Elyvilon
Fedhas
Gozag
Hepliaklqana
Makhleb
Nemelex Xobeh
Okawaru
Qazlal
Ru
Trog
Uskayaw
Wu Jian
Xom
Yredelemnul
Zin
The Shining One

Shops:
D:3 *

Portals:
Bailey: D:7

Annotations:
D:3 1 runed translucent door, Crazy Yiuf
D:4 1 runed translucent door


Message History

Deactivating autopickup; reactivate with Ctrl-A.
The orc warrior hits you with a +0 battleaxe.
The orc closely misses you. The orc completely misses you.
You shoot an arrow.
The arrow hits the orc warrior but does no damage.
Something hits you but does no damage. The orc misses you.
The orc warrior barely misses you. The orc barely misses you.
You shoot an arrow.
The arrow hits the orc warrior but does no damage.
Something hits you but does no damage. The orc barely misses you.
The orc warrior hits you with a +0 battleaxe!
The orc hits you but does no damage.
The orc priest hits you but does no damage.
7999 ||| READING 2 scrolls of teleportation.
As you read the scroll of teleportation, it crumbles to dust.
You feel strangely unstable.
The orc priest hits you but does no damage.
The orc barely misses you. The orc closely misses you.
You hear some strange, mumbled words.
A magic dart appears from out of thin air!
The magic dart hits you.
The orc warrior hits you but does no damage.
You shoot an arrow.
The arrow barely misses the orc warrior.
You hear some strange, mumbled words.
A puff of flame appears from out of thin air!
The puff of flame hits you but does no damage.
The orc warrior hits you with a +0 battleaxe.
The orc priest barely misses you. The orc hits you but does no damage.
The orc barely misses you.
You shoot an arrow.
The arrow closely misses the orc warrior.
Something hits you but does no damage. The orc hits you but does no damage.
The orc completely misses you. The orc warrior barely misses you.
The orc priest hits you with a +0 dagger.
You shoot an arrow.
The arrow closely misses the orc warrior.
Something hits you. The orc misses you. The orc hits you but does no damage.
The orc warrior hits you with a +0 battleaxe.
You die...

......#
###+
......#
####### .
..
#######+#.#
#.........#
#.........#
#$...o....#
+...@{....#
#..ooo....#
#.........#
###########


You could see an orc warrior, an orc priest and 2 orcs.

Vanquished Creatures
  Pikel (D:8)
  Maggie (D:8)
  Jeremiah (D:8)
  Grinder (D:4)
  A shadow (D:9)
  Eustachio (D:4)
  A wyvern (D:8)
  A steam dragon (D:8)
  A two-headed ogre zombie (D:9)
  Edmund (D:5)
  Duvessa (D:4)
  3 water moccasins
  An ice beast (D:5)
  A black bear (D:4)
  3 ogres
  An orc warrior (D:6)
  A centaur (D:8)
  2 phantoms
  A lemure (D:8)
  2 kobold brigands
  2 bullfrogs
  Blork the orc (D:5)
  A scorpion (D:5)
  8 wights
  Dowan (D:4)
  4 killer bees (D:6)
  A howler monkey (D:7)
  3 bombardier beetles
  2 hounds
  3 bullfrog zombies (Ossuary)
  3 jellies
  7 mummies (Ossuary)
  3 orc priests
  A sleepcap (D:6)
  5 iguanas
  6 orc wizards
  A killer bee zombie (Ossuary)
  3 crocodile zombies (Ossuary)
  3 hound zombies (Ossuary)
  A howler monkey zombie (Ossuary)
  10 adders
  3 gnolls (D:5)
  A ribbon worm (D:2)
  A dart slug (D:3)
  23 orcs
  5 bats
  5 endoplasms
  2 giant cockroaches
  10 goblins
  3 hobgoblins
  8 jackals
  18 kobolds
  5 quokkas
  6 ball pythons
  5 ball python zombies (Ossuary)
  2 frilled lizards
  A gnoll skeleton (D:9)
  A jackal zombie (D:4)
  6 orc zombies (D:9)
  A quokka zombie (D:6)
  6 rats
  A rat zombie (D:6)
208 creatures vanquished.

Notes
Turn   | Place    | Note
-------+----------+-------------------------------------------
     0 | D:1      | qw the Djinni Hunter began the quest for the Orb.
     0 | D:1      | Reached XP level 1. HP: 18/18 MP: 0/0
     0 | D:1      | 0 ||| qw: Version: 0.3-a-136-gdd3b4e8
     0 | D:1      | 0 ||| qw: Game counter: 1290
     0 | D:1      | 0 ||| qw: Melee chars always use a shield: true
     0 | D:1      | 0 ||| qw: God list: Okawaru
     0 | D:1      | 0 ||| qw: Allow faded altars: false
     0 | D:1      | 0 ||| qw: Do Orc after clearing Dungeon:15 true
     0 | D:1      | 0 ||| qw: Do second Lair branch before Depths: true
     0 | D:1      | 0 ||| qw: Lair rune preference: random
     0 | D:1      | 0 ||| qw: Goals: Normal
     0 | D:1      | 0 ||| PLANNING D:1-11
   193 | D:1      | Reached XP level 2. HP: 23/23 MP: 0/0
   336 | D:1      | 336 ||| UPGRADING to +0 ring mail of willpower.
   383 | D:1      | 383 ||| DROPPING +0 leather armour.
   648 | D:1      | Reached skill level 4 in Ranged Weapons
   648 | D:1      | Reached XP level 3. HP: 28/28 MP: 0/0
   648 | D:1      | Learned a level 1 spell: Shock
   985 | D:1      | 985 ||| READING scroll labelled MOELUI MAOMECS.
   985 | D:1      | 985 ||| BRANDING +0 shortbow.
   986 | D:1      | 986 ||| READING scroll labelled QOFIZOS WYMOSK.
   991 | D:1      | 991 ||| READING scroll labelled PIRCHU GYJYMMO.
   992 | D:1      | 992 ||| READING scroll labelled QEOMAZ WIHETI.
   993 | D:1      | 993 ||| DROPPING scroll of butterflies.
  1137 | D:2      | Reached skill level 1 in Armour
  1744 | D:2      | Reached XP level 4. HP: 26/34 MP: 0/0
  1985 | D:2      | 1985 ||| UPGRADING to +0 pair of gloves.
  1990 | D:2      | 1990 ||| READING 3 scrolls labelled GUVUBBO LUCU.
  1990 | D:2      | 1990 ||| IDENTIFYING silvery potion
  1991 | D:2      | 1991 ||| READING 2 scrolls of identify.
  1991 | D:2      | 1991 ||| IDENTIFYING bubbling puce potion
  1992 | D:2      | 1992 ||| READING scroll of identify.
  1992 | D:2      | 1992 ||| IDENTIFYING grey potion
  1993 | D:2      | 1993 ||| READING scroll labelled RIHOME DEUDEE.
  2057 | D:2      | 2057 ||| READING scroll labelled TIASEFO WENKY.
  2058 | D:2      | 2058 ||| READING scroll labelled WACU DOELUBYTT.
  2058 | D:2      | 2058 ||| ENCHANTING +0 heavy shortbow.
  2059 | D:2      | 2059 ||| DRINKING 2 metallic clear potions.
  2060 | D:2      | 2060 ||| DROPPING potion of degeneration.
  2061 | D:2      | 2061 ||| DROPPING potion of brilliance.
  2062 | D:2      | 2062 ||| DROPPING potion of ambrosia.
  2251 | D:3      | Found Sezaleann's Assorted Antiques.
  2259 | D:3      | 2259 ||| BUYING fizzy brown potion (28 gold).
  2259 | D:3      | Bought a fizzy brown potion for 28 gold pieces
  2259 | D:3      | 2259 ||| BUYING inky potion (28 gold).
  2259 | D:3      | Bought an inky potion for 28 gold pieces
  2259 | D:3      | 2259 ||| BUYING scroll labelled WOUTINK IKHE (32 gold).
  2259 | D:3      | Bought a scroll labelled WOUTINK IKHE for 32 gold pieces
  2333 | D:3      | Reached skill level 3 in Fighting
  2333 | D:3      | Reached XP level 5. HP: 40/40 MP: 0/0
  2333 | D:3      | Learned a level 2 spell: Call Imp
  2978 | D:3      | Found a runed translucent door.
  2979 | D:3      | Noticed Crazy Yiuf
  2982 | D:3      | 2982 ||| UPGRADING to +4 ring of protection.
  2983 | D:3      | 2983 ||| READING scroll labelled UNKUYC XORAID.
  3084 | D:3      | 3084 ||| READING scroll labelled WOUTINK IKHE.
  3123 | D:4      | Noticed Grinder
  3126 | D:4      | Paralysed by Grinder for 5 turns
  3134 | D:4      | Killed Grinder
  3135 | D:4      | Reached skill level 5 in Ranged Weapons
  3135 | D:4      | Reached XP level 6. HP: 44/46 MP: 0/0
  3135 | D:4      | Reached XP level 7. HP: 48/50 MP: 0/0
  3135 | D:4      | Learned a level 3 spell: Dazzling Flash
  3166 | D:4      | Noticed Dowan
  3168 | D:4      | Noticed Duvessa
  3170 | D:4      | 3170 ||| RETREEEEATING.
  3176 | D:4      | Killed Duvessa
  3177 | D:4      | Reached skill level 3 in Dodging
  3178 | D:4      | Killed Dowan
  3327 | D:4      | Found a runed translucent door.
  3327 | D:4      | Noticed a human
  3330 | D:4      | Found a basalt altar of Yredelemnul.
  3467 | D:4      | Reached skill level 6 in Ranged Weapons
  3495 | D:4      | Noticed Eustachio
  3496 | D:4      | 3496 ||| RETREEEEATING.
  3497 | D:4      | 3497 ||| RETREEEEATING.
  3498 | D:4      | 3498 ||| RETREEEEATING.
  3499 | D:4      | 3499 ||| RETREEEEATING.
  3510 | D:4      | 3510 ||| FLEEEEING.
  3513 | D:4      | Killed Eustachio
  3514 | D:4      | Reached skill level 3 in Armour
  3514 | D:4      | Reached XP level 8. HP: 46/58 MP: 0/0
  3753 | D:4      | Found a hide-covered altar of Uskayaw.
  4174 | D:4      | 4174 ||| READING scroll labelled BODUUX TUCE.
  4175 | D:4      | 4175 ||| DRINKING 2 fizzy brown potions.
  4176 | D:4      | 4176 ||| DRINKING potion of mutation.
  4176 | D:4      | Gained mutation: You are robust. (+10% HP) [potion of
                  | mutation]
  4176 | D:4      | Gained mutation: You are partially covered in iridescent
                  | scales. (AC +2) [potion of mutation]
  4176 | D:4      | Gained mutation: You have a pair of small horns on your
                  | head. [potion of mutation]
  4226 | D:5      | Entered Level 5 of the Dungeon
  4296 | D:5      | Reached skill level 7 in Ranged Weapons
  4305 | D:5      | Noticed Blork the orc
  4308 | D:5      | Killed Blork the orc
  4423 | D:5      | Found a staircase to the Ecumenical Temple.
  4424 | D:5      | 4424 ||| PLANNING TEMPLE
  4424 | D:5      | 4424 ||| UPGRADING to +1 pair of gloves.
  4434 | D:5      | 4434 ||| DROPPING +0 pair of gloves.
  4443 | Temple   | Entered the Ecumenical Temple
  4444 | Temple   | 4444 ||| PLANNING OKAWARU WORSHIP
  4465 | Temple   | Became a worshipper of Warmaster Okawaru
  4466 | Temple   | 4466 ||| PLANNING D:1-11
  4521 | D:5      | 4521 ||| READING scroll of enchant weapon.
  4521 | D:5      | 4521 ||| ENCHANTING +1 heavy shortbow.
  4794 | D:5      | Reached XP level 9. HP: 71/71 MP: 0/0
  4794 | D:5      | Learned a level 4 spell: Dimensional Bullseye
  4796 | D:5      | Noticed Edmund
  4804 | D:5      | Killed Edmund
  5005 | D:5      | 5005 ||| DRINKING 2 red potions.
  5006 | D:5      | 5006 ||| DRINKING 2 lumpy orange potions.
  5007 | D:5      | 5007 ||| DROPPING potion of invisibility.
  5034 | D:6      | 5034 ||| PLANNING OSSUARY
  5039 | D:6      | Reached skill level 8 in Ranged Weapons
  5042 | D:6      | Reached * piety under Okawaru
  5081 | D:6      | Reached skill level 1 in Invocations
  5174 | D:6      | Found a sand-covered staircase.
  5177 | D:6      | 5177 ||| DRINKING 2 inky potions.
  5189 | Ossuary  | Entered an ossuary
  5517 | Ossuary  | Reached skill level 3 in Invocations
  5561 | Ossuary  | 5561 ||| READING 3 scrolls of identify.
  5561 | Ossuary  | 5561 ||| IDENTIFYING fizzy yellow potion
  5562 | Ossuary  | 5562 ||| READING 2 scrolls of identify.
  5562 | Ossuary  | 5562 ||| IDENTIFYING sedimented emerald potion
  5563 | Ossuary  | 5563 ||| READING scroll of identify.
  5563 | Ossuary  | 5563 ||| IDENTIFYING sedimented black potion
  5564 | Ossuary  | 5564 ||| READING scroll labelled NAOTAPR DACSI.
  5565 | Ossuary  | 5565 ||| READING 3 scrolls labelled JAITIA BINICO.
  5566 | Ossuary  | 5566 ||| READING scroll labelled UDECKOYGGI.
  5567 | Ossuary  | 5567 ||| READING scroll labelled YBLINUBB XUENEUR.
  5567 | Ossuary  | 5567 ||| ENCHANTING +1 pair of gloves.
  5568 | Ossuary  | 5568 ||| DRINKING 2 white potions.
  5569 | Ossuary  | 5569 ||| DROPPING potion of attraction.
  5570 | Ossuary  | 5570 ||| DROPPING 2 scrolls of immolation.
  5571 | Ossuary  | 5571 ||| DROPPING potion of magic.
  5591 | D:6      | 5591 ||| PLANNING D:1-11
  5618 | D:6      | Reached skill level 6 in Fighting
  5626 | D:6      | Reached ** piety under Okawaru
  5627 | D:6      | 5627 ||| FLEEEEING.
  5628 | D:6      | 5628 ||| FLEEEEING.
  5629 | D:6      | 5629 ||| FLEEEEING.
  5630 | D:6      | 5630 ||| FLEEEEING.
  5631 | D:6      | 5631 ||| FLEEEEING.
  5632 | D:6      | 5632 ||| FLEEEEING.
  5633 | D:6      | 5633 ||| FLEEEEING.
  5634 | D:6      | 5634 ||| FLEEEEING.
  5636 | D:6      | 5636 ||| FLEEEEING.
  6011 | D:7      | Reached XP level 10. HP: 62/79 MP: 0/0
  6109 | D:7      | Reached skill level 9 in Ranged Weapons
  6193 | D:7      | Found a flagged portal.
  6258 | D:7      | Found a shadowy altar of Dithmenos.
  6574 | D:7      | 6574 ||| DRINKING 2 pink potions.
  6622 | D:8      | Reached skill level 6 in Dodging
  6828 | D:8      | Found a hazy altar of Hepliaklqana.
  6832 | D:8      | 6832 ||| RETREEEEATING.
  6835 | D:8      | 6835 ||| RETREEEEATING.
  6837 | D:8      | 6837 ||| RETREEEEATING.
  6983 | D:8      | Found a white marble altar of Elyvilon.
  6983 | D:8      | Found an ornate altar of the Wu Jian Council.
  7133 | D:8      | Found a glowing golden altar of the Shining One.
  7316 | D:8      | Noticed Pikel
  7317 | D:8      | 7317 ||| RETREEEEATING.
  7318 | D:8      | 7318 ||| SWAPPING to +0 orcbow.
  7319 | D:8      | 7319 ||| DROPPING +2 heavy shortbow.
  7321 | D:8      | 7321 ||| RETREEEEATING.
  7369 | D:8      | 7369 ||| INVOKING Heroism.
  7382 | D:8      | Noticed Jeremiah
  7384 | D:8      | 7384 ||| INVOKING Heroism.
  7385 | D:8      | Killed Pikel
  7385 | D:8      | Reached *** piety under Okawaru
  7401 | D:8      | 7401 ||| DRINKING 2 yellow potions.
  7415 | D:8      | 7415 ||| INVOKING Heroism.
  7428 | D:8      | 7428 ||| ZAPPING wand of light (13) at -3,-1 (Jeremiah;
                  | floor).
  7429 | D:8      | 7429 ||| ZAPPING wand of light (12) at -3,-1 (Jeremiah;
                  | floor).
  7430 | D:8      | 7430 ||| ZAPPING wand of light (11) at -3,-1 (Jeremiah;
                  | floor).
  7430 | D:8      | Killed Jeremiah
  7691 | D:8      | Noticed Maggie
  7692 | D:8      | 7692 ||| ZAPPING wand of light (10) at -5,-1 (Maggie;
                  | floor).
  7693 | D:8      | 7693 ||| ZAPPING wand of light (9) at -4,-1 (Maggie;
                  | floor).
  7694 | D:8      | 7694 ||| ZAPPING wand of light (8) at -4,-1 (Maggie;
                  | floor).
  7695 | D:8      | 7695 ||| ZAPPING wand of light (7) at -4,-1 (Maggie;
                  | floor).
  7696 | D:8      | Reached skill level 10 in Ranged Weapons
  7696 | D:8      | 7696 ||| INVOKING Heroism.
  7707 | D:8      | Killed Maggie
  7758 | D:8      | 7758 ||| UPGRADING to +0 swamp dragon scales.
  7768 | D:8      | 7768 ||| DROPPING +2 robe.
  7769 | D:8      | 7769 ||| DROPPING +0 ring mail of willpower.
  7770 | D:8      | 7770 ||| READING scroll of enchant armour.
  7770 | D:8      | 7770 ||| ENCHANTING +0 swamp dragon scales.
  7989 | D:9      | HP: 7/82 [orc priest/divine providence (15)]
  7990 | D:9      | 7990 ||| READING 3 scrolls of teleportation.
  7991 | D:9      | 7991 ||| DRINKING potion of heal wounds.
  7994 | D:9      | Reached XP level 11. HP: 25/86 MP: 0/0
  7994 | D:9      | Learned a level 5 spell: Irradiate
  7998 | D:9      | HP: 11/86 [orc warrior/+0 battleaxe (12)]
  7999 | D:9      | 7999 ||| READING 2 scrolls of teleportation.
  8000 | D:9      | HP: 5/86 [orc warrior/+0 battleaxe (2)]
  8002 | D:9      | HP: 1/86 [something (4)]
  8002 | D:9      | Slain by an orc warrior

Levels and vault maps discovered:
D:1:      dpeg_arrival_renting, layout_loops_corners, serial_glass,
          glass_columns_c, glass_columns_b, serial_bayou_pond_b,
          amcnicky_mini_corridor_feature
D:2:      kennysheep_big_flooded_room, layout_loops_corners
D:3:      layout_loops_corners, serial_shops, nicolae_square_shop,
          serial_bayou_pond_b, uniq_crazy_yiuf_cottage
D:4:      layout_loops_ring, dk_yredelemnul_ordeal,
          nicolae_uskayaw_murder_on_the_dancefloor, uniq_duvessa, uniq_grinder,
          uniq_eustachio
D:5:      layout_gridville, temple_fountains, uniq_edmund, uniq_blork_the_orc
D:6:      layout_rooms, enter_ossuary_4
D:7:      layout_loops_cross, grunt_temple_overflow_magic_moments,
          nicolae_dithmenos_shadow_blocks, enter_bailey_3
D:8:      layout_basic, gammafunk_temple_overflow_claw,
          lemuel_coloured_pillars_altar, uniq_jeremiah, uniq_maggie, uniq_pikel
D:9:      layout_roguey, zombieorc2_lemuel, serial_shops, shop_fountains
Temple:   chequers_temple_sunken

Skill      XL: |  1  2  3  4  5  6  7  8  9 10 |
---------------+-------------------------------+-----
Ranged Weapons | 4 5 6 7 8 10 | 10.0
Armour         | 1 3 4 |  4.1
Fighting       | 3 4 5 6 7 |  7.0
Dodging        | 3 4 5 7 |  7.0
Invocations    | 4 |  4.0
Stealth        | |  0.7

Action                     |  1- 3 |  4- 6 |  7- 9 | 10-12 || total
---------------------------+-------+-------+-------+-------++-------
   Fire: Shortbow          |    82 |    71 |   301 |    90 ||   544
         Orcbow            |       |       |       |   117 ||   117
 Invoke: Heroism           |       |       |       |     4 ||     4
  Evoke: Wand              |       |       |       |     7 ||     7
    Use: Scroll            |     4 |     8 |     9 |     3 ||    24
         Potion            |       |     1 |     6 |     3 ||    10
 Armour: Leather armour    |    14 |       |       |       ||    14
         Ring mail         |    22 |    66 |   142 |    71 ||   301
         Skin              |     3 |       |       |       ||     3
         Swamp dragon scal |       |       |       |    42 ||    42
  Dodge: Dodged            |    37 |    55 |   146 |   112 ||   350

Table legend:
 A = Non-vault XP
 B = Vault XP
 C = Vault XP percentage of total XP
 D = Non-vault monster count
 E = Vault monster count
 F = Vault count percentage of total count
                 A         B        C        D         E       F
            +---------+---------+-------+---------+---------+-------
      Total |    4345 |    3545 |  44.9 |     150 |      57 |  27.5
            +---------+---------+-------+---------+---------+-------
        D:1 |      30 |       3 |   9.1 |      18 |       2 |  10.0
        D:2 |      35 |       6 |  14.6 |      13 |       2 |  13.3
        D:3 |      40 |      66 |  62.3 |      21 |       4 |  16.0
        D:4 |     550 |     691 |  55.7 |      22 |       5 |  18.5
        D:5 |     528 |     257 |  32.7 |      12 |       2 |  14.3
        D:6 |     985 |       2 |   0.2 |      22 |       2 |   8.3
        D:7 |     850 |       8 |   0.9 |      16 |       4 |  20.0
        D:8 |    1283 |    1471 |  53.4 |      22 |       3 |  12.0
        D:9 |      44 |     498 |  91.9 |       4 |      10 |  71.4
    Ossuary |       0 |     543 | 100.0 |       0 |      23 | 100.0
            +---------+---------+-------+---------+---------+-------
